 Dungeon Crawl Stone Soup version 0.21.1-1-g345015f (webtiles) character file.

471 manyhoops the Bolt Thrower (level 7, -2/56 HPs)
             Began as a Gnoll Wanderer on Apr 18, 2018.
             Slain by a worker ant (3 damage)
             ... on level 4 of the Dungeon on Apr 21, 2018.
             The game lasted 00:05:42 (2920 turns).

manyhoops the Bolt Thrower (Gnoll Wanderer)         Turns: 2920, Time: 00:05:42

Health: -2/56      AC:  6    Str: 11 (13) XL:     7   Next: 9%
Magic:  10/10      EV: 17    Int: 13 (15) God:
Gold:   146        SH:  5    Dex: 19 (22) Spells: 10/10 levels left

rFire    . . .     SeeInvis .   a - +2 spear
rCold    . . .     Gourm    .   m - +0 buckler
rNeg     . . .     Faith    .   b - +1 ring mail
rPois    .         Spirit   .   (no helmet)
rElec    .         Reflect  .   (no cloak)
rCorr    .         Harm     .   (no gloves)
MR       .....                  (no boots)
Stlth    +++.......             (no amulet)
HPRegen  0.18/turn              (no ring)
MPRegen  0.12/turn              (no ring)

@: agile, lethally poisoned (-2 -> -5)
A: distributed training, fangs 1, strong nose
a: no special abilities


You were on level 4 of the Dungeon.
You were not hungry.

You visited 1 branch of the dungeon, and saw 4 of its levels.

You collected 146 gold pieces.

Inventory:

Hand Weapons
 a - a +2 spear (weapon)
Armour
 b - a +1 ring mail (worn)
 m - a +0 buckler (worn)
Scrolls
 c - 4 scrolls of teleportation
 e - a scroll of fog
 f - a scroll of enchant armour
 g - a scroll of identify
 h - 4 scrolls of remove curse
 i - 2 scrolls of noise
 j - a scroll of magic mapping
 k - a scroll of immolation {unknown}
 l - a scroll of enchant weapon
Potions
 n - a potion of curing
Comestibles
 d - 9 rations


   Skills:
 + Level 5.1 Fighting
 + Level 2.2 Short Blades
 + Level 2.2 Long Blades
 + Level 2.2 Axes
 + Level 2.2 Maces & Flails
 + Level 3.4 Polearms
 + Level 2.2 Staves
 + Level 2.2 Slings
 + Level 2.2 Bows
 + Level 5.1 Crossbows
 + Level 2.2 Throwing
 + Level 3.4 Armour
 + Level 3.4 Dodging
 + Level 3.2 Stealth
 + Level 3.4 Shields
 + Level 2.2 Unarmed Combat
 + Level 2.2 Spellcasting
 + Level 1.8 Conjurations
 + Level 1.8 Hexes
 + Level 1.8 Charms
 + Level 1.8 Summonings
 + Level 1.8 Necromancy
 + Level 1.8 Translocations
 + Level 1.8 Transmutations
 + Level 1.8 Fire Magic
 + Level 1.8 Ice Magic
 + Level 1.8 Air Magic
 + Level 1.8 Earth Magic
 + Level 1.8 Poison Magic
 + Level 2.4 Invocations
 + Level 3.4 Evocations


You had 10 spell levels left.
You didn't know any spells.

Dungeon Overview and Level Annotations

Branches:
Dungeon (4/15)
 Temple: D:4-7

Altars:
Vehumet


Innate Abilities, Weirdness & Mutations

Your experience applies equally to all skills.
You have very sharp teeth.
Your uncanny sense of smell can sniff out nearby items.


Message History

The worker ant is severely wounded.
* * * LOW HITPOINT WARNING * * *
You feel sick. The worker ant misses you.
You hit the worker ant but do no damage.
The worker ant is severely wounded.
The worker ant misses you.
You barely miss the worker ant.
The worker ant is severely wounded.
* * * LOW HITPOINT WARNING * * *
You feel sick. You block the worker ant's attack.
You closely miss the worker ant.
You bite the worker ant, but do no damage.
The worker ant is severely wounded.
The worker ant barely misses you.
The worker ant bites you but does no damage.
You hit the worker ant.
The worker ant is severely wounded.
* * * LOW HITPOINT WARNING * * *
You feel sick. The worker ant bites you.
You die...

#.)......#
#. .....
#.......)#
#. ...
###........#
#. ...
#........(.#
#. ...
#.#######.##
#. #.# ##.#
#.###### #.#
#..# #....##
#.#####.##
####..#
##?#..a@.#
##.#
###....#####
#.# #....###
#.# #..#..#
#.#
#...##..#
#<# ##..
...# #.## ##
....# #...
#..... ∆∆
###. ###....
#.


You could see a worker ant.

Vanquished Creatures
  Sigmund (D:3)
  A centaur (D:3)
  A hound (D:4)
  Natasha (thrice) (D:2)
  3 worker ants (D:4)
  2 adders (D:2)
  3 leopard geckos
  2 orcs (D:3)
  A ball python (D:3)
  3 giant cockroaches
  9 goblins
  7 hobgoblins
  2 jackals (D:1)
  2 kobolds
  7 bats
  3 frilled lizards
  A jackal skeleton (D:4)
  4 rats
55 creatures vanquished.

Notes
Turn   | Place    | Note
-------+----------+-------------------------------------------
     0 | D:1      | manyhoops the Gnoll Wanderer began the quest for the Orb.
     0 | D:1      | manyhoops set off with: a +2 spear, a +0 ring mail, a scroll of teleportation, a ration
     0 | D:1      | Reached XP level 1. HP: 20/20 MP: 2/2
   420 | D:1      | Reached XP level 2. HP: 19/26 MP: 3/3
   626 | D:2      | Reached XP level 3. HP: 23/31 MP: 4/4
   799 | D:2      | Noticed Natasha
   810 | D:2      | Killed Natasha
   810 | D:2      | Reached skill level 1 in Short Blades
   810 | D:2      | Reached skill level 1 in Long Blades
   810 | D:2      | Reached skill level 1 in Axes
   810 | D:2      | Reached skill level 1 in Maces & Flails
   810 | D:2      | Reached skill level 1 in Staves
   810 | D:2      | Reached skill level 1 in Slings
   810 | D:2      | Reached skill level 1 in Bows
   810 | D:2      | Reached skill level 1 in Throwing
   810 | D:2      | Reached skill level 1 in Unarmed Combat
   810 | D:2      | Reached skill level 1 in Spellcasting
   810 | D:2      | Reached skill level 1 in Invocations
   813 | D:2      | HP: 1/31 [goblin/stone (1)]
   820 | D:2      | Reached XP level 4. HP: 3/38 MP: 4/6
  1142 | D:2      | Noticed Natasha
  1160 | D:2      | Killed Natasha
  1623 | D:2      | Noticed Natasha
  1637 | D:2      | Killed Natasha
  1637 | D:2      | Reached skill level 1 in Conjurations
  1637 | D:2      | Reached skill level 1 in Hexes
  1637 | D:2      | Reached skill level 1 in Charms
  1637 | D:2      | Reached skill level 1 in Summonings
  1637 | D:2      | Reached skill level 1 in Necromancy
  1637 | D:2      | Reached skill level 1 in Translocations
  1637 | D:2      | Reached skill level 1 in Transmutations
  1637 | D:2      | Reached skill level 1 in Fire Magic
  1637 | D:2      | Reached skill level 1 in Ice Magic
  1637 | D:2      | Reached skill level 1 in Air Magic
  1637 | D:2      | Reached skill level 1 in Earth Magic
  1637 | D:2      | Reached skill level 1 in Poison Magic
  1637 | D:2      | Reached XP level 5. HP: 35/43 MP: 7/7
  1771 | D:3      | Noticed a centaur
  1788 | D:3      | Killed a centaur
  2126 | D:3      | Noticed Sigmund
  2170 | D:3      | Killed Sigmund
  2170 | D:3      | Reached skill level 5 in Fighting
  2170 | D:3      | Reached skill level 5 in Crossbows
  2170 | D:3      | Reached XP level 6. HP: 51/51 MP: 7/9
  2250 | D:3      | Found a radiant altar of Vehumet.
  2895 | D:4      | Reached XP level 7. HP: 26/56 MP: 10/10
  2916 | D:4      | HP: 2/56 [poisoned by a worker ant]
  2920 | D:4      | Slain by a worker ant

Skill      XL: |  1  2  3  4  5 |
---------------+----------------+-----
Short Blades   | 1 2 |  2.2
Long Blades    | 1 2 |  2.2
Axes           | 1 2 |  2.2
Maces & Flails | 1 2 |  2.2
Staves         | 1 2 |  2.2
Slings         | 1 2 |  2.2
Bows           | 1 2 |  2.2
Throwing       | 1 2 |  2.2
Unarmed Combat | 1 2 |  2.2
Spellcasting   | 1 2 |  2.2
Invocations    | 1 2 |  2.4
Conjurations   | 1 |  1.8
Hexes          | 1 |  1.8
Charms         | 1 |  1.8
Summonings     | 1 |  1.8
Necromancy     | 1 |  1.8
Translocations | 1 |  1.8
Transmutations | 1 |  1.8
Fire Magic     | 1 |  1.8
Ice Magic      | 1 |  1.8
Air Magic      | 1 |  1.8
Earth Magic    | 1 |  1.8
Poison Magic   | 1 |  1.8
Polearms       | 3 |  3.4
Armour         | 3 |  3.4
Dodging        | 3 |  3.4
Shields        | 3 |  3.4
Evocations     | 3 |  3.4
Fighting       | 5 |  5.1
Crossbows      | 5 |  5.1
Stealth        | 3 |  3.2

Action                   |  1- 3 |  4- 6 |  7- 9 || total
-------------------------+-------+-------+-------++-------
Melee: Spear             |    71 |   175 |    25 ||   271
       Bite              |     2 |    18 |     2 ||    22
  Use: Potion            |     2 |     7 |       ||     9
       Scroll            |       |     7 |       ||     7
 Stab: Sleeping          |       |     5 |       ||     5
  Eat: Ration            |       |     2 |       ||     2
Armor: Ring mail         |    24 |    45 |     2 ||    71
       Skin              |       |     6 |       ||     6
Dodge: Dodged            |    59 |    72 |    19 ||   150
Block: Buckler           |       |    24 |     3 ||    27
